 Dungeon Crawl Stone Soup version 0.29.0-4-gdea44cf6ec (webtiles) character file.

Game seed: 17081943713054552899

67 qw the Ruffian (level 4, -4/35 HPs)
             Began as a Ghoul Fire Elementalist on Aug 29, 2022.
             Slain by an orc
             ... wielding a +0 flail
              (7 damage)
             ... on level 2 of the Dungeon.
             The game lasted 00:01:28 (1932 turns).

qw the Ruffian (Ghoul Fire Elementalist)            Turns: 1932, Time: 00:01:28

Health: -4/35      AC:  2    Str: 13    XL:     4   Next: 18%
Magic:  5/5        EV: 12    Int: 10    God:
Gold:   52         SH:  0    Dex:  9    Spells: 5/6 levels left

rFire   . . .      SeeInvis .     - Unarmed
rCold   + . .      Faith    .   (no shield)
rNeg    + + +      Spirit   .   a - +0 robe
rPois   inf        Reflect  .   (no helmet)
rElec   .          Harm     .   (no cloak)
rCorr   .          Rampage  .   (no gloves)
Will    .....                   (no boots)
Stlth   ++........              (no amulet)
HPRegen 0.00/turn               (no ring)
MPRegen 0.09/turn               (no ring)

@: about to teleport, inhibited regen
A: claws 1, cold resistance 1, negative energy resistance 3, inhibited
regeneration, torment resistance 2, devour on kill
a: no special abilities


You were on level 2 of the Dungeon.
You visited 1 branch of the dungeon, and saw 2 of its levels.

You collected 52 gold pieces.


Innate Abilities, Weirdness & Mutations

You are immune to poison.
You have sharp fingernails.
Your flesh is cold resistant. (rC+)
You are immune to negative energy. (rN+++)
You do not regenerate when monsters are visible.
You are immune to unholy pain and torment.
You thrive by killing the living.


   Skills:
 - Level 1.0 Fighting
 - Level 1.7 Dodging
 - Level 2.1 Stealth
 + Level 3.8 Unarmed Combat
 - Level 1.7 Spellcasting
 - Level 0.7 Conjurations
 - Level 2.4 Fire Magic


You had 5 spell levels left.
You knew the following spells:

 Your Spells              Type           Power      Damage    Failure   Level
a - Foxfire               Conj/Fire      16%        2x1d4     17%         1

Your spell library contained the following spells:

 Spells                   Type           Power      Damage    Failure   Level
 Scorch                   Fire           10%        2d6       19%         2
 Conjure Flame            Conj/Fire      4%         6-21      45%         3
 Inner Flame              Hex/Fire       3%         N/A       52%         3
 Flame Wave               Conj/Fire      4%         2d5       86%         4

Inventory:

Armour
 a - a +0 robe (worn)
 b - a +0 leather armour
 g - a +0 pair of gloves
Scrolls
 d - 2 scrolls of identify
 f - a scroll of teleportation
 h - a scroll of acquirement {unknown}
 j - 2 scrolls of enchant weapon {unknown}
Potions
 c - a potion of ambrosia {unknown}
 e - a potion of invisibility {unknown}
 i - 2 potions of curing {unknown}

Dungeon Overview and Level Annotations

Branches:
Dungeon (2/15)

Altars:

Annotations:
D:1 1 runed translucent door


Message History

The orc is heavily wounded.
The orc closely misses you.
The orc wizard shouts!
You scratch the orc.
The orc is almost dead.
You hear a shout!
You scratch the orc.
You kill the orc!
An orc comes into view. It is wielding a +0 flail.
Found a cloak.
Things that are here:
a +0 whip; a +0 ring mail; an orc corpse You claw the orc!
You kill the orc!
The orc throws a boomerang.
The boomerang barely misses you.
The orc wizard points at you and mumbles some strange words.
You resist with some effort.
Things that are here:
a +0 club; a +0 leather armour; an orc corpse The orc hits you with a +0 flail!
The orc wizard misses you.
You closely miss the orc wizard. The orc hits you with a +0 flail!
The orc wizard closely misses you.
You closely miss the orc wizard. The orc hits you with a +0 flail.
The orc wizard casts a spell.
The orc wizard flickers and vanishes!
Deactivating autopickup; reactivate with Ctrl-A.
You barely miss the orc. The orc closely misses you. Something hits you.
You scratch the orc.
The orc is severely wounded.
The orc hits you with a +0 flail. Something hits you but does no damage.
1931 ||| READING 2 scrolls of teleportation.
As you read the scroll of teleportation, it crumbles to dust.
You feel strangely unstable. The orc barely misses you. Something hits you.
You scratch the orc but do no damage.
The orc is severely wounded.
The orc hits you with a +0 flail!
You die...

#...##........#.#
#...##...........
##..###..........#
#..## #...........
#.## #...........
#.# #........###
#)# ###........###
#)#...............
#@..# #.......%...
#o{## #.........#.
...# ##..#.###.##
#.#.# #. #.###...
.. .# # #..###.#
#.[ ## ##.%%...
#.. #..###. ###
#######......
#.........##.


You could see an orc.

Vanquished Creatures
  3 adders (D:2)
  A worm (D:2)
  2 dart slugs
  2 orcs (D:2)
  3 ball pythons (D:1)
  3 endoplasms
  A giant cockroach (D:1)
  4 jackals (D:2)
  2 kobolds
  A quokka (D:1)
  4 bats
  2 frilled lizards
  A goblin (D:1)
  3 rats
32 creatures vanquished.

Notes
Turn   | Place    | Note
-------+----------+-------------------------------------------
     0 | D:1      | qw the Ghoul Fire Elementalist began the quest for the Orb.
     0 | D:1      | Reached XP level 1. HP: 14/14 MP: 2/2
     0 | D:1      | 0 ||| qw: Version: 0.1-a-90-g952f4b7
     0 | D:1      | 0 ||| qw: Game counter: 3741
     0 | D:1      | 0 ||| qw: Always use a shield: true
     0 | D:1      | 0 ||| qw: God list: Okawaru
     0 | D:1      | 0 ||| qw: Allow faded altars: false
     0 | D:1      | 0 ||| qw: Do Orc after D:15 true
     0 | D:1      | 0 ||| qw: Do second Lair branch before Depths: true
     0 | D:1      | 0 ||| qw: Lair rune preference: random
     0 | D:1      | 0 ||| qw: Plans: Normal
     0 | D:1      | 0 ||| PLANNING D:1-11
     1 | D:1      | Found a runed translucent door.
   122 | D:1      | 122 ||| Stepping ~*~*~tactically~*~*~ (hiding).
   224 | D:1      | 224 ||| Stepping ~*~*~tactically~*~*~ (hiding).
   326 | D:1      | 326 ||| Stepping ~*~*~tactically~*~*~ (hiding).
   332 | D:1      | Reached skill level 1 in Unarmed Combat
   569 | D:1      | Reached skill level 1 in Fighting
   569 | D:1      | Reached XP level 2. HP: 23/23 MP: 3/3
  1320 | D:1      | 1320 ||| READING 3 scrolls labelled IRISTA ZIMOAWEQ.
  1355 | D:1      | 1355 ||| READING scroll labelled BADAEMAWEE.
  1356 | D:1      | 1356 ||| READING scroll labelled BIMIZECK EWOOPOS.
  1357 | D:1      | 1357 ||| DROPPING potion of magic.
  1378 | D:2      | Reached skill level 2 in Unarmed Combat
  1428 | D:2      | Reached XP level 3. HP: 22/28 MP: 4/4
  1504 | D:2      | 1504 ||| Stepping ~*~*~tactically~*~*~ (stealth).
  1506 | D:2      | 1506 ||| Stepping ~*~*~tactically~*~*~ (stealth).
  1509 | D:2      | 1509 ||| Stepping ~*~*~tactically~*~*~ (stealth).
  1519 | D:2      | 1519 ||| Stepping ~*~*~tactically~*~*~ (stealth).
  1520 | D:2      | 1520 ||| Stepping ~*~*~tactically~*~*~ (stealth).
  1521 | D:2      | 1521 ||| Stepping ~*~*~tactically~*~*~ (stealth).
  1532 | D:2      | 1532 ||| Stepping ~*~*~tactically~*~*~ (stealth).
  1545 | D:2      | 1545 ||| Stepping ~*~*~tactically~*~*~ (stealth).
  1550 | D:2      | Reached skill level 3 in Unarmed Combat
  1691 | D:2      | 1691 ||| Stepping ~*~*~tactically~*~*~ (stealth).
  1697 | D:2      | 1697 ||| Stepping ~*~*~tactically~*~*~ (stealth).
  1705 | D:2      | 1705 ||| Stepping ~*~*~tactically~*~*~ (stealth).
  1731 | D:2      | Reached XP level 4. HP: 22/35 MP: 5/5
  1879 | D:2      | 1879 ||| Stepping ~*~*~tactically~*~*~ (stealth).
  1881 | D:2      | 1881 ||| Stepping ~*~*~tactically~*~*~ (hiding).
  1930 | D:2      | HP: 7/35 [orc/+0 flail (5)]
  1931 | D:2      | 1931 ||| READING 2 scrolls of teleportation.
  1931 | D:2      | HP: 3/35 [something (4)]
  1932 | D:2      | Slain by an orc

Levels and vault maps discovered:
D:1:      dpeg_arrival_caged_fury, layout_basic, minmay_misc_feat_alley
D:2:      layout_rooms, dreamdust_ecumenical_altar_hidden_monk_grotto

Skill      XL: |  1  2  3 |
---------------+----------+-----
Unarmed Combat | 1 2 3 |  3.8
Fighting       | 1 |  1.0
Dodging        | |  1.7
Stealth        | |  2.1
Spellcasting   | |  1.7
Conjurations   | |  0.7
Fire Magic     | |  2.4

Action                   |  1- 3 |  4- 6 || total
-------------------------+-------+-------++-------
Melee: Unarmed           |   115 |    16 ||   131
       Punch             |     1 |       ||     1
  Use: Scroll            |     3 |     1 ||     4
Armor: Robe              |    13 |     1 ||    14
Dodge: Dodged            |    67 |    10 ||    77

Table legend:
 A = Non-vault XP
 B = Vault XP
 C = Vault XP percentage of total XP
 D = Non-vault monster count
 E = Vault monster count
 F = Vault count percentage of total count
                 A         B        C        D         E       F
            +---------+---------+-------+---------+---------+-------
      Total |      97 |       0 |   0.0 |      32 |       0 |   0.0
            +---------+---------+-------+---------+---------+-------
        D:1 |      23 |       0 |   0.0 |      14 |       0 |   0.0
        D:2 |      74 |       0 |   0.0 |      18 |       0 |   0.0
            +---------+---------+-------+---------+---------+-------
